 Dungeon Crawl Stone Soup version 0.22.1-2-g9c5b331 (webtiles) character file.

191 Matador8 the Digger (level 5, -8/28 HPs)
             Began as a Gargoyle Earth Elementalist on Dec 21, 2018.
             Mangled by an ogre
             ... wielding a +0 giant spiked club
              (11 damage)
             ... on level 4 of the Dungeon.
             The game lasted 00:13:33 (3710 turns).

Matador8 the Digger (Gargoyle Earth Elementalist)   Turns: 3710, Time: 00:13:34

Health: -8/28      AC:  7    Str: 11    XL:     5   Next: 70%
Magic:  6/8        EV: 11    Int: 17    God:
Gold:   67         SH:  0    Dex: 10    Spells: 2/8 levels left

rFire    . . .     SeeInvis .   k - -3 whip (curse)
rCold    . . .     Gourm    .   (no shield)
rNeg     + . .     Faith    .   x - +0 leather armour
rPois    ∞         Spirit   .   (no helmet)
rElec    +         Reflect  .   (no cloak)
rCorr    .         Harm     .   (no gloves)
MR       .....                  (no boots)
Stlth    ++........             (no amulet)
HPRegen  0.09/turn              (no ring)
MPRegen  0.11/turn              (no ring)

@: no status effects
A: negative energy resistance 1, electricity resistance, unbreathing,
petrification resistance, rot immunity, AC +4
a: no special abilities


You were on level 4 of the Dungeon.
You were very hungry.

You visited 1 branch of the dungeon, and saw 4 of its levels.

You collected 67 gold pieces.

Inventory:

Hand Weapons
 j - a +0 club
 k - a cursed -3 whip (weapon)
 o - a +4 dagger
 q - a +0 hunting sling
 v - a +1 short sword of speed
 B - a +0 hunting sling
Missiles
 a - 12 tomahawks
 b - 107 stones (quivered)
 h - 2 throwing nets
Armour
 c - a +0 robe
 n - a +0 scale mail
 x - a +0 leather armour (worn)
Wands
 s - a wand of digging (9)
Scrolls
 e - 2 scrolls of teleportation {unknown}
 i - 4 scrolls of enchant weapon {unknown}
 p - a scroll of fog {unknown}
 t - 2 scrolls of fear {unknown}
 u - 2 scrolls of enchant armour {unknown}
 w - 2 scrolls of blinking {unknown}
 y - 2 scrolls of amnesia {unknown}
 z - 2 scrolls of identify {unknown}
Potions
 f - 3 potions of lignification {unknown}
 g - a potion of cancellation {unknown}
 l - a potion of brilliance {unknown}
 m - a potion of berserk rage {unknown}
 r - a potion of magic {unknown}
 A - 2 potions of curing {unknown}
Comestibles
 d - 7 rations


   Skills:
 - Level 1.5 Dodging
 + Level 4.2 Stealth
 - Level 2.0 Spellcasting
 - Level 0.7 Transmutations
 * Level 6.4 Earth Magic


You had 2 spell levels left.
You knew the following spells:

 Your Spells              Type           Power        Failure   Level  Hunger
a - Sandblast             Erth           ###...       1%          1    #......
b - Passwall              Tmut/Erth      ##......     9%          2    ###....
c - Stone Arrow           Conj/Erth      ##....       21%         3    ###....

Your spell library contained the following spells:

 Spells                   Type           Power        Failure   Level  Hunger
 Lee's Rapid Deconstruct  Erth           ###.......   45%         5    ######.
 Petrify                  Tmut/Erth      ##......     50%         4    #####..


Dungeon Overview and Level Annotations

Branches:
Dungeon (4/15)
 Temple: D:4-7

Altars:
Kikubaaqudgha
Makhleb
Qazlal
Uskayaw
Xom

Annotations:
D:3 2 transporters, Bwemp's ghost, amateur DsGl


Innate Abilities, Weirdness & Mutations

You are resistant to torment.
Your stone body is resilient. (AC +4)
You are immune to poison.
You resist negative energy. (rN+)
You are resistant to electric shocks. (rElec)
You can survive without breathing.
You are immune to petrification.
You are immune to rotting.


Message History

You see here a robe.
An ogre comes into view. It is wielding a giant spiked club.
The ogre moves out of view.
Found a scroll labeled VOITAIT ENWI.
Found a scroll labeled KARUD OPHYGUIS.
Found 8 needles of sleeping.
The ogre shouts!
Found 18 stones.
The ogre hits you with a giant spiked club!!
Ouch! That really hurt!
* * * LOW HITPOINT WARNING * * *
Casting: Sandblast (safe; 1% risk of failure)
Confirm with . or Enter, or press ? or * to list all spells.
Aiming: Passwall (safe; 9% risk of failure)
Press: ? - help, Dir - move target cursor You can't see that place. [the floor.]
You begin to meditate on the wall.
You continue meditating on the rock.
The ogre hits you with a giant spiked club!
You die...

..(.... '........
.##.############........
.'.....@O......+........
.###########...#.......#
..........#.......#
...(......#........
...........?..?....
.....##............
.....?......#......
.....##.....# .....
............# ####


You could see an ogre.

Vanquished Creatures
  An iguana (D:4)
  A worker ant (D:2)
  5 adders
  4 worms
  A dart slug (D:1)
  5 leopard geckos
  5 orcs
  A ball python (D:3)
  5 bats
  A giant cockroach (D:2)
  10 goblins
  6 hobgoblins
  8 jackals
  7 kobolds
  3 quokkas
  3 frilled lizards
  7 rats
73 creatures vanquished.

Notes
Turn   | Place    | Note
-------+----------+-------------------------------------------
     0 | D:1      | Matador8 the Gargoyle Earth Elementalist began the quest
                  | for the Orb.
     0 | D:1      | Reached XP level 1. HP: 10/10 MP: 3/3
    82 | D:1      | Reached skill level 4 in Earth Magic
    95 | D:1      | Reached XP level 2. HP: 8/15 MP: 3/5
   523 | D:1      | Learned a level 2 spell: Passwall
   616 | D:1      | Reached XP level 3. HP: 19/19 MP: 6/6
  1037 | D:1      | Learned a level 3 spell: Stone Arrow
  1041 | D:2      | Reached skill level 5 in Earth Magic
  1111 | D:2      | Reached XP level 4. HP: 24/24 MP: 3/7
  2163 | D:3      | Found an ancient bone altar of Kikubaaqudgha.
  2169 | D:3      | Found a stormy altar of Qazlal.
  2170 | D:3      | Found a burning altar of Makhleb.
  2170 | D:3      | Found a shimmering altar of Xom.
  2347 | D:3      | Found a hide-covered altar of Uskayaw.
  2396 | D:3      | Reached XP level 5. HP: 28/28 MP: 4/8
  2431 | D:3      | Found a transporter.
  2436 | D:3      | Noticed Bwemp's ghost (amateur DsGl)
  2448 | D:3      | Reached skill level 6 in Earth Magic
  2490 | D:3      | Found a transporter.
  3694 | D:4      | Noticed an ogre
  3710 | D:4      | Mangled by an ogre

Skill      XL: |  1  2  3  4  5 |
---------------+----------------+-----
Earth Magic    | 4 5 6 |  6.4
Stealth        | 3 4 |  4.2
Dodging        | |  1.5
Spellcasting   | |  2.0
Transmutations | |  0.7

Action                   |  1- 3 |  4- 6 || total
-------------------------+-------+-------++-------
Melee: Unarmed           |    15 |       ||    15
       Whip              |    75 |   176 ||   251
 Cast: Sandblast         |    27 |    46 ||    73
       Passwall          |       |     1 ||     1
 Stab: Sleeping          |     1 |     4 ||     5
       Distracted        |       |     1 ||     1
  Eat: Chunk             |     1 |     8 ||     9
Armor: Robe              |    33 |    87 ||   120
Dodge: Dodged            |    55 |   150 ||   205
